 Dungeon Crawl Stone Soup version 0.30.1 (webtiles) character file.

Game seed: 14439964753465185861

70 Descartes the Digger (level 4, -3/30 HPs)
             Began as a Formicid Earth Elementalist on July 2, 2023.
             Slain by a gnoll
             ... wielding a +0 flail
              (6 damage)
             ... on level 2 of the Dungeon.
             The game lasted 00:03:02 (1360 turns).

Descartes the Digger (Formicid Earth Elementalist)  Turns: 1360, Time: 00:03:03

Health: -3/30      AC:  2    Str: 14    XL:     4   Next: 45%
Magic:  1/8        EV: 12    Int: 15    God:
Gold:   39         SH:  0    Dex: 14    Spells: 7/8 levels left

rFire   . . .        d - +0 short sword
rCold   . . .        (no shield)
rNeg    . . .        a - +0 robe
rPois   .            (helmet unavailable)
rElec   .            (no cloak)
rCorr   .            (no gloves)
SInv    +            (no boots)
Will    .....        (no amulet)
Stlth   ++           (no ring)
HPRegen 0.25/turn    (no ring)
MPRegen 0.11/turn

%: no passive effects
@: no status effects
A: permanent stasis, dig shafts and tunnels, antennae 3, four strong arms
a: Dig, Shaft Self


You were on level 2 of the Dungeon.
You visited 1 branch of the dungeon, and saw 2 of its levels.

You collected 39 gold pieces.

Inventory:

Hand Weapons
 d - a +0 short sword (weapon)
Armour
 a - a +0 robe (worn)
Scrolls
 c - a scroll of identify {unknown}
 e - a scroll of fog {unknown}
 j - a scroll of fear {unknown}
Potions
 b - 2 potions of magic
 f - a potion of attraction {unknown}
 g - a potion of lignification {unknown}
 h - a potion of ambrosia {unknown}
 i - a potion of mutation {unknown}
 k - a potion of degeneration {unknown}


   Skills:
 - Level 1.7 Dodging
 - Level 2.4 Stealth
 + Level 1.8 Shields
 + Level 2.7 Spellcasting
 - Level 1.1 Transmutations
 * Level 4.7 Earth Magic
 + Level 1.5 Evocations


You had 7 spell levels left.
You knew the following spells:

 Your Spells              Type           Power      Damage    Failure   Level
a - Sandblast             Erth           32%        2d9       3%          1

Your spell library contained the following spells:

 Spells                   Type           Power      Damage    Failure   Level
 Passwall                 Tmut/Erth      8%         N/A       10%         2
 Stone Arrow              Conj/Erth      18%        3d8       24%         3
 Lesser Beckoning         Tloc           4%         N/A       30%         2
 Momentum Strike          Conj/Tloc      4%         3d8       30%         2
 Petrify                  Tmut/Erth      10%        N/A       52%         4
 Blink                    Tloc           Unusable   N/A       N/A         2

Dungeon Overview and Level Annotations

Branches:
Dungeon (2/15)

Altars:


Innate Abilities, Weirdness & Mutations

You cannot be hasted, slowed, berserked, paralysed or teleported.
You can dig through walls and to a lower floor.
You have a pair of large antennae on your head. (SInv)
Your four strong arms can wield two-handed weapons with a shield.


Message History

Press: ? - help, Shift-Dir - straight line, f/p - gnoll
Aim: a gnoll, wielding a +0 spear (84% to hit)
The blast of sand misses the gnoll.
The gnoll shouts!
The gnoll hits you from afar with a +0 spear.
Casting: Sandblast (safe; 3% risk of failure)
Confirm with . or Enter, or press ? or * to list all spells.
Aiming: Sandblast (safe; 3% risk of failure)
Press: ? - help, Shift-Dir - straight line, f/p - gnoll
Aim: a gnoll, wielding a +0 spear (84% to hit)
The blast of sand hits the gnoll!
The gnoll is heavily wounded.
A bat comes into view.
An adder comes into view.
The gnoll hits you from afar with a +0 spear.
The gnoll misses you. The gnoll barely misses you.
The gnoll hits you from afar with a +0 spear.
The adder moves out of view.
Casting: Sandblast (safe; 3% risk of failure)
Confirm with . or Enter, or press ? or * to list all spells.
Aiming: Sandblast (safe; 3% risk of failure)
Press: ? - help, Shift-Dir - straight line, f/p - gnoll
Aim: a gnoll, wielding a +0 spear (heavily wounded, 84% to hit)
The blast of sand hits the gnoll.
The gnoll is almost dead.
The gnoll hits you from afar with a +0 spear.
The gnoll barely misses you.
Casting: Sandblast (safe; 3% risk of failure)
Confirm with . or Enter, or press ? or * to list all spells.
Aiming: Sandblast (safe; 3% risk of failure)
Press: ? - help, Shift-Dir - straight line, f/p - gnoll
Aim: a gnoll, wielding a +0 spear (almost dead, 84% to hit)
The blast of sand hits the gnoll!
You kill the gnoll!
The bat closely misses you.
The gnoll hits you from afar with a +0 spear. x2
* * * LOW HITPOINT WARNING * * *
The bat hits you.
* * * LOW HITPOINT WARNING * * *
The gnoll hits you with a +0 flail.
You die...

#.......#
♣.......♣
#.......#
♣....†..♣#
#........##
♣.......♣.## {
#.....b....###..
♣.♣.♣.♣.♣....g..
#...@gg...†)#.
######).........
#......#...
#......# .
#.#......
#.....$...
#..........
.P♣PP......


You could see 2 gnolls and a bat.

Vanquished Creatures
  An adder (D:2)
  2 gnolls (D:2)
  3 dart slugs (D:1)
  2 endoplasms (D:1)
  A giant cockroach (D:1)
  3 goblins (D:1)
  2 hobgoblins (D:1)
  5 quokkas
  7 ball pythons (D:1)
  3 bats (D:1)
  3 frilled lizards (D:1)
  2 kobolds (D:1)
  6 rats (D:1)
40 creatures vanquished.

Notes
Turn   | Place    | Note
-------+----------+-------------------------------------------
     0 | D:1      | Descartes the Formicid Earth Elementalist began the quest
                  | for the Orb.
     0 | D:1      | Reached XP level 1. HP: 13/13 MP: 3/3
   115 | D:1      | Reached XP level 2. HP: 10/19 MP: 1/5
   201 | D:1      | Reached skill level 4 in Earth Magic
   209 | D:1      | Reached skill level 1 in Shields
   458 | D:1      | Reached skill level 1 in Evocations
   458 | D:1      | Reached XP level 3. HP: 24/24 MP: 4/6
  1339 | D:2      | Reached XP level 4. HP: 30/30 MP: 4/8
  1360 | D:2      | Slain by a gnoll

Illustrated notes

Levels and vault maps discovered:
D:1:      shiori_arrival_maze, layout_basic, minmay_close_crescents
D:2:      layout_rooms, serial_forest, infiniplex_forest_lined_room_3,
          infiniplex_forest_clump_medium, infiniplex_forest_clump_double,
          infiniplex_forest_lined_room_3, infiniplex_forest_end_1,
          infiniplex_forest_clump_small, infiniplex_forest_clump_long,
          uniq_natasha, uniq_robin

Skill      XL: |  1  2 |
---------------+-------+-----
Earth Magic    | 4 |  4.7
Shields        | 1 |  1.8
Evocations     | 1 |  1.5
Dodging        | |  1.7
Stealth        | |  2.4
Spellcasting   | |  2.7
Transmutations | |  1.1

Action                     |  1- 3 |  4- 6 || total
---------------------------+-------+-------++-------
  Melee: Short sword       |     8 |       ||     8
   Cast: Sandblast         |    52 |     6 ||    58
 Armour: Robe              |     4 |       ||     4
  Dodge: Dodged            |    23 |     4 ||    27
